 Dungeon Crawl Stone Soup version 0.16.2-14-g7133f4a77c (webtiles) character file.

37 faibistes the Magician (level 3, 0/20 HPs)
             Began as a Deep Elf Wizard on Aug 19, 2022.
             Succumbed to Sigmund's poison
             ... on level 1 of the Dungeon.
             The game lasted 00:03:58 (1987 turns).

faibistes the Magician (Deep Elf Wizard)            Turns: 1987, Time: 00:03:58

Health: 0/20       AC:  3    Str:  9    XL:     3   Next: 23%
Magic:  5/14       EV: 13    Int: 21    God:
Gold:   37         SH:  0    Dex: 13    Spells: 5 memorised, 1 level left

rFire  . . .     SeeInvis .     e - +0 dagger
rCold  . . .     Clarity  .     a - +0 robe
rNeg   . . .     SustAb   .     (no shield)
rPois  .         Gourm    .     b - +0 hat
rElec  .         Spirit   .     (no cloak)
rCorr  .         Warding  .     l - +0 pair of gloves
rMut   .         Stasis   .     (no boots)
MR     .....                    (no amulet)
Stlth  ++........               (no ring)
                                (no ring)

@: mighty, lethally poisoned (0 -> -4), very slightly contaminated, hasted
(expiring), very quick, not resistant to hostile enchantments, unstealthy
A: dopey 1, sense surroundings 1, robust 1
a: no special abilities


You were on level 1 of the Dungeon.
You were very hungry.

You visited 1 branch of the dungeon, and saw 2 of its levels.

You collected 37 gold pieces.

Inventory:

Hand weapons
 e - a +0 dagger (weapon)
Armour
 a - a +0 robe (worn)
 b - a +0 hat (worn)
 l - a +0 pair of gloves (worn)
Scrolls
 f - a scroll of amnesia {unknown}
 i - a scroll of enchant weapon {unknown}
 o - a scroll of recharging {unknown}
 p - a scroll of identify {unknown}
Books
 c - a book of Minor Magic

   Spells                             Type                      Level
   a - Magic Dart                     Conjuration                  1
   b - Blink                          Translocation                2
   c - Call Imp                       Summoning                    2
   d - Repel Missiles                 Charms/Air                   2
   e - Slow                           Hexes                        2
   f - Conjure Flame                  Conjuration/Fire             3
   g - Mephitic Cloud                 Conjuration/Poison/Air       3
Comestibles
 d - a bread ration
 k - a meat ration


   Skills:
 + Level 3.1 Dodging
 - Level 2.4 Stealth
 * Level 5.1 Spellcasting
 * Level 2.1 Conjurations
 - Level 1.1 Summonings
 - Level 1.1 Translocations


You had one spell level left.
You knew the following spells:

 Your Spells              Type           Power        Failure   Level  Hunger
a - Magic Dart            Conj           ##..         6%          1    None
b - Conjure Flame         Conj/Fire      #.......     24%         3    ##.....
c - Call Imp              Summ           ##......     12%         2    None
d - Blink                 Tloc           N/A          12%         2    None
e - Mephitic Cloud        Conj/Pois/Air  #.......     30%         3    ##.....


Dungeon Overview and Level Annotations

Branches:
Dungeon (2/15)

Altars:
The Shining One

Annotations:
D:2 Sigmund


Innate Abilities, Weirdness & Mutations

You are dopey. (Int -2)
You passively map a small area around you.
You are robust (+10% HP).


Message History

It was a potion of might.
You feel very mighty all of a sudden.
There is a lethal amount of poison in your body!
There is a lethal amount of poison in your body!
* * * LOW HITPOINT WARNING * * *
You feel sick.
* * * LOW HITPOINT WARNING * * *
You feel sick.
* * * LOW HITPOINT WARNING * * *
You feel sick.
* * * LOW HITPOINT WARNING * * *
You feel sick.
* * * LOW HITPOINT WARNING * * *
You feel sick.
* * * LOW HITPOINT WARNING * * *
You feel sick.
* * * LOW HITPOINT WARNING * * *
You feel sick.
Your extra speed is starting to run out.
You die...

#.................
#..######.########
#..# #...........
#..# #.#.########
#..## #.#.#.......
#...###.#.###(####
#...).'.#.'('.....
#..####'#+####.###
#@.#.........#.#
#..#..#.8§#..#.#
#......≈§≈.....#
#..#.........###
#..#..#...#..#
#..#.........#
#..#.........#
#..#..#...#..#
#..#.........#


There were no monsters in sight!

Vanquished Creatures
  An ooze (D:1)
  2 ball pythons (D:1)
  A giant cockroach (D:1)
  6 goblins (D:1)
  5 hobgoblins (D:1)
  3 jackals (D:1)
  3 bats (D:1)
  4 giant newts (D:1)
  3 kobolds (D:1)
  8 rats (D:1)
36 creatures vanquished.

Vanquished Creatures (others)
  A kobold (D:1)
1 creature vanquished.

Grand Total: 37 creatures vanquished

Notes
Turn   | Place    | Note
--------------------------------------------------------------
     0 | D:1      | faibistes, the Deep Elf Wizard, began the quest for the Orb.
     0 | D:1      | Reached XP level 1. HP: 10/10 MP: 6/6
   503 | D:1      | Reached XP level 2. HP: 15/15 MP: 0/10
   582 | D:1      | Learned a level 2 spell: Blink
   585 | D:1      | Learned a level 2 spell: Call Imp
   811 | D:1      | Found a glowing golden altar of the Shining One.
   937 | D:1      | Reached skill level 5 in Spellcasting
  1126 | D:2      | Noticed Sigmund
  1339 | D:1      | Reached XP level 3. HP: 19/19 MP: 10/14
  1344 | D:1      | Learned a level 3 spell: Conjure Flame
  1348 | D:1      | Learned a level 3 spell: Mephitic Cloud
  1955 | D:1      | Gained mutation: You are robust (+10% HP). [potion of beneficial mutation]
  1956 | D:1      | Gained mutation: You are dopey. (Int -2) [potion of mutation]
  1956 | D:1      | Gained mutation: You passively map a small area around you. [potion of mutation]
  1981 | D:1      | HP: 1/20 [poisoned by Sigmund]
  1987 | D:1      | Succumbed to Sigmund's poison

Action                   || total
-------------------------++-------
Melee: Dagger            ||    13
       Unarmed           ||     5
 Cast: Magic Dart        ||    78
       Mephitic Cloud    ||     2
       Blink             ||     1
  Use: Potion            ||     4
  Eat: Chunk             ||     2
